 Dungeon Crawl Stone Soup version 0.21-a0-630-g344d351 (webtiles) character file.

7 KristoblXynda the Charmwright (level 1, 0/10 HPs)
             Began as a Spriggan Skald on Dec 26, 2017.
             Slain by a kobold
             ... wielding a +0 club
              (5 damage)
             ... on level 1 of the Dungeon.
             The game lasted 00:00:26 (350 turns).

KristoblXynda the Charmwright (Spriggan Skald)       Turns: 350, Time: 00:00:27

Health: 0/10       AC:  2    Str:  7    XL:     1   Next: 91%
Magic:  5/5        EV: 19    Int: 14    God:
Gold:   16         SH:  0    Dex: 15    Spells: 4/5 levels left

rFire    . . .     SeeInvis +   e - +0 dagger
rCold    . . .     Gourm    .   (shield restricted)
rNeg     . . .     Faith    .   b - +0 robe
rPois    .         Spirit   .   (helmet restricted)
rElec    .         Reflect  .   (no cloak)
rCorr    .         Harm     .   (gloves unavailable)
MR       .....                  (boots unavailable)
Stlth    +.........             (no amulet)
HPRegen  0.03/turn              (no ring)
MPRegen  0.09/turn              (no ring)

@: very quick
A: very small, unfitting armour, see invisible, herbivore, speed 3, slow
metabolism 2
a: no special abilities


You were on level 1 of the Dungeon.
You were not hungry.

You visited 1 branch of the dungeon, and saw 1 of its levels.

You collected 16 gold pieces.

Inventory:

Hand Weapons
 e - a +0 dagger (weapon)
Armour
 b - a +0 robe (worn)
Scrolls
 a - a scroll of fear {unknown}
 f - a scroll of fog {unknown}
Books
 c - a book of Battle

   Spells                             Type                      Level
   a - Infusion                       Charms                       1
   b - Shroud of Golubria             Charms/Translocation         2
   c - Song of Slaying                Charms                       2
   d - Spectral Weapon                Hexes/Charms                 3
   e - Regeneration                   Charms/Necromancy            3
Comestibles
 d - 4 rations


   Skills:
 - Level 1.5 Fighting
 + Level 2.4 Short Blades
 + Level 3.8 Dodging
 - Level 2.6 Spellcasting
 + Level 4.7 Charms


You had 4 spell levels left.
You knew the following spells:

 Your Spells              Type           Power        Failure   Level  Hunger
a - Infusion              Chrm           ###.         3%          1    #......


Dungeon Overview and Level Annotations

Branches:
Dungeon (1/15)

Altars:


Innate Abilities, Weirdness & Mutations

You are very small and have problems with some larger weapons.
You are too small for most types of armour.
You have supernaturally acute eyesight. (SInv)
You are a herbivore.
You cover ground extremely quickly.
You need consume almost no food.


Message History

The dart slug is almost dead.
The dart slug misses you.
You hit the dart slug.
The dart slug is almost dead.
You hit the dart slug.
You kill the dart slug!
A kobold comes into view. It is wielding a club.
The kobold throws a stone.
The stone misses you.
Things that are here:
a stone; a dart slug corpse A kobold is nearby!
You start resting.
The kobold closely misses you.
You hit the kobold but do no damage. The kobold misses you.
You completely miss the kobold. The kobold closely misses you.
You closely miss the kobold. You barely miss the kobold.
The kobold hits you but does no damage.
You closely miss the kobold. The kobold hits you with a club.
Ouch! That really hurt!
You die...

#....'..# ###.....#
##...##.# #.......#
###########.# #.......#
............# #.......#
..#....#########.......#
..#....# #.............#
.......# #....(.....####
#......# #...........#
#..##### #......@....#
....# ########K....#
....# .....# ....#
!.....# ....# ......#
....# ......# ....#
....... ##### .......


You could see a kobold.

Vanquished Creatures
  2 dart slugs (D:1)
  A giant cockroach (D:1)
  A goblin (D:1)
4 creatures vanquished.

Notes
Turn   | Place    | Note
-------+----------+-------------------------------------------
     0 | D:1      | KristoblXynda the Spriggan Skald began the quest for the Orb.
     0 | D:1      | Reached XP level 1. HP: 10/10 MP: 5/5
   350 | D:1      | Slain by a kobold

Vault maps used:
D:1:      ncdulo_smallfort

Action                   || total
-------------------------++-------
Melee: Short sword       ||    20
       Dagger            ||    13
Armor: Robe              ||     1
Dodge: Dodged            ||    23

Table legend:
 A = Spawn XP
 B = Non-spawn XP
 C = Spawn XP percentage of total XP
 D = Spawn monster count
 E = Non-spawn monster count
 F = Spawn count percentage of total count
 G = Total turns spent on level
                    A         B        C        D         E        F      G
               +---------+---------+-------+---------+---------+-------+---------
         Total |       0 |      11 |   0.0 |       0 |       4 |   0.0 |   350
               +---------+---------+-------+---------+---------+-------+---------
           D:1 |       0 |      11 |   0.0 |       0 |       4 |   0.0 |   350
               +---------+---------+-------+---------+---------+-------+---------
